 Dungeon Crawl Stone Soup version 0.30-a0-748-ge6a52f7cba (webtiles) character file.

Game seed: 12594071522139864744

16 cforsyth the Caller (level 2, 0/15 HPs)
             Began as a Tengu Summoner on Feb 9, 2023.
             Slain by a jackal (1 damage)
             ... on level 1 of the Dungeon.
             The game lasted 00:01:19 (559 turns).

cforsyth the Caller (Tengu Summoner)                 Turns: 559, Time: 00:01:19

Health: 0/15       AC:  2    Str:  8    XL:     2   Next: 54%
Magic:  2/6        EV: 12    Int: 15    God:
Gold:   25         SH:  0    Dex: 14    Spells: 3/6 levels left

rFire   . . .      SeeInvis .    (no weapon)
rCold   . . .      Faith    .    (no shield)
rNeg    . . .      Spirit   .    a - +0 robe
rPois   .          Reflect  .    (helmet restricted)
rElec   .          Harm     .    (no cloak)
rCorr   .          Rampage  .    (no gloves)
Will    .....                    (boots unavailable)
Stlth   ++                       (no amulet)
HPRegen 0.22/turn                h - ring of wizardry
MPRegen 0.10/turn                (no ring)

@: no status effects
A: beak, talons 3
a: no special abilities


You were on level 1 of the Dungeon.
You visited 1 branch of the dungeon, and saw 1 of its levels.

You collected 25 gold pieces.

Inventory:

Armour
 a - a +0 robe (worn)
Jewellery
 h - a ring of wizardry (left hand)
Scrolls
 c - a scroll of poison {unknown}
 e - 3 scrolls of identify {unknown}
 f - a scroll of vulnerability {unknown}
 g - 4 scrolls of amnesia {unknown}
Potions
 b - a potion of magic
 d - 2 potions of curing {unknown}


   Skills:
 - Level 2.1 Dodging
 - Level 2.0 Stealth
 + Level 2.5 Spellcasting
 + Level 5.2 Summonings


You had 3 spell levels left.
You knew the following spells:

 Your Spells              Type           Power      Damage    Failure   Level
a - Summon Small Mammal   Summ           68%        N/A       1%          1
b - Call Imp              Summ           17%        N/A       1%          2

Your spell library contained the following spells:

 Spells                   Type           Power      Damage    Failure   Level
 Call Canine Familiar     Summ           17%        N/A       3%          3
 Summon Guardian Golem    Hex/Summ       9%         N/A       9%          3
 Summon Lightning Spire   Summ/Air       9%         N/A       26%         4


Dungeon Overview and Level Annotations

Branches:
Dungeon (1/15)

Altars:


Innate Abilities, Weirdness & Mutations

You have a beak for a mouth.
You have claws for feet.


Message History

The jackal closely misses you.
Your crimson imp blinks!
Your bat hits the jackal but does no damage.
You closely miss the jackal. You claw the jackal, but do no damage.
You peck the jackal.
The jackal is moderately wounded.
Your bat closely misses the bat.
Your bat closely misses the jackal.
The bat closely misses your bat. The bat hits your bat. The jackal bites you.
The jackal bites your bat.
Your bat closely misses the bat.
Unknown command.
Unknown command.
Unknown command.
The jackal attacks as you move away! The jackal barely misses you.
An endoplasm comes into view.
The bat completely misses your bat.
Your bat barely misses the bat.
The bat barely misses your bat.
Your bat closely misses the jackal.
Your bat hits the jackal but does no damage.
The bat closely misses your bat.
Your bat misses the bat. The jackal attacks as you move away!
The jackal misses you. The bat barely misses your bat.
Your bat misses the bat. Something bites your bat.
Your bat dies!
Your bat's corpse disappears in a puff of smoke!
Your bat hits the bat. The jackal misses you.
The endoplasm quivers.
The jackal closely misses you. The jackal attacks as you move away!
The jackal bites you. The jackal attacks as you move away!
The jackal closely misses you. The jackal bites you.
The jackal attacks as you move away! The jackal bites you.
* * * LOW HITPOINT WARNING * * *
The jackal attacks as you move away! The jackal misses you.
The jackal bites you.
* * * LOW HITPOINT WARNING * * *
The jackal attacks as you move away! The jackal bites you.
* * * LOW HITPOINT WARNING * * *
Casting: Summon Small Mammal (safe; 1% risk of failure)
Confirm with . or Enter, or press ? or * to list all spells.
The jackal bites you.
You die...

#..................... ..
##.#.########..####.##.
...#>.............# #.# .
...................####.#
.
....##...#######.....##.#
. #.....#.#### #......#†#
. #.####..#..
#........##. #.......#.#
#######...#. ######..#@#
#.......... ...#..#h##
#.#######.. #.#..hb.# #..
#....#### .. #..
#####.....+ ... #..
####.....#####.... ##.
####....J.....###..h #..
#.....#.#####.#..h #..
#.......#####.#.##### #..


You could see 2 jackals and a friendly bat (summoned).

Vanquished Creatures
  A kobold (D:1)
1 creature vanquished.

Vanquished Creatures (collateral kills)
  2 bats (D:1)
  2 endoplasms (D:1)
  A giant cockroach (D:1)
  A goblin (D:1)
  3 ball pythons (D:1)
  2 frilled lizards (D:1)
  2 kobolds (D:1)
  2 rats (D:1)
15 creatures vanquished.

Grand Total: 16 creatures vanquished

Notes
Turn   | Place    | Note
-------+----------+-------------------------------------------
     0 | D:1      | cforsyth the Tengu Summoner began the quest for the Orb.
     0 | D:1      | Reached XP level 1. HP: 10/10 MP: 4/4
   134 | D:1      | Reached skill level 5 in Summonings
   170 | D:1      | Reached XP level 2. HP: 15/15 MP: 4/6
   195 | D:1      | Learned a level 2 spell: Call Imp
   559 | D:1      | Slain by a jackal

Illustrated notes

Levels and vault maps discovered:
D:1:      mrwooster_arrival_statue_3, layout_basic, dreamdust_princess_bridge

Skill      XL: |  1 |
---------------+----+-----
Summonings     | 5 |  5.2
Dodging        | |  2.1
Stealth        | |  2.0
Spellcasting   | |  2.5

Action                     || total
---------------------------++-------
  Melee: Unarmed           ||     6
         Kick              ||     2
         Peck              ||     1
   Cast: Summon Small Mamm ||    24
         Call Imp          ||     7
 Armour: Robe              ||    12
  Dodge: Dodged            ||    30

Table legend: (Time is in decaauts)
 A = Elapsed time spent in this place.
 B = Non-inter-level travel time spent in this place.
 C = Inter-level travel time spent in this place.
 D = Time resting spent in this place.
 E = Time spent auto-exploring this place.
 F = Levels seen in this place.
 G = Mean time per level.
                   A        B        C        D        E       F      G
               +--------+--------+--------+--------+--------+-----+--------+
         Total |    558 |    558 |      0 |      0 |    390 |   1 |  558.0 |
       Dungeon |    558 |    558 |      0 |      0 |    390 |   1 |  558.0 |
               +--------+--------+--------+--------+--------+-----+--------+

Top non-repeatable levels by time:
     D:1: 558 daAuts
